 Dungeon Crawl Stone Soup version 0.18-a0-943-g2c08dd4 (webtiles) character file.

62 Duffy the Slasher (level 3, -5/26 HPs)
             Began as a High Elf Fighter on Dec 29, 2015.
             Slain by a gnoll (7 damage)
             ... on level 3 of the Dungeon.
             The game lasted 00:02:06 (2540 turns).

Duffy the Slasher (High Elf Fighter)                Turns: 2540, Time: 00:02:06

Health: -5/26      AC:  8    Str: 15    XL:     3   Next: 85%
Magic:  4/4        EV:  6    Int: 11    God:
Gold:   102        SH:  9    Dex: 16    Spells: 0 memorised, 2 levels left

rFire  . . .     SeeInvis .     a - +0 long sword
rCold  . . .     Gourm    .     b - +0 scale mail
rNeg   . . .     Faith    .     c - +0 shield
rPois  .         Spirit   .     i - +0 helmet
rElec  .         Dismiss  .     (no cloak)
rCorr  .         Reflect  .     (no gloves)
SustAt .         Harm     .     l - +0 pair of boots
MR     .....                    (no amulet)
Stlth  ..........               (no ring)
                                (no ring)

@: slowed, very slow, not resistant to hostile enchantments, extremely
unstealthy
A: no striking features
a: no special abilities


You were on level 3 of the Dungeon.
You were not hungry.

You visited 1 branch of the dungeon, and saw 3 of its levels.

You collected 102 gold pieces.


   Skills:
 - Level 3.0 Fighting
 + Level 5.1 Long Blades
 - Level 2.6 Armour
 - Level 2.6 Shields


You had 2 spell levels left.
You didn't know any spells.

Inventory:

Hand Weapons
 a - a +0 long sword (weapon)
Missiles
 o - 12 poisoned needles
Armour
 b - a +0 scale mail (worn)
 c - a +0 shield (worn)
 i - a +0 helmet (worn)
 l - a +0 pair of boots (worn)
Jewellery
 m - a +2 ring of evasion {unknown}
Scrolls
 g - 2 scrolls of teleportation {unknown}
 h - 3 scrolls of identify {unknown}
 j - a scroll of immolation {unknown}
 k - a scroll of enchant armour {unknown}
 q - a scroll of remove curse {unknown}
 r - a scroll of enchant weapon {unknown}
 s - a scroll of noise {unknown}
Potions
 d - a potion of might
 e - a potion of ambrosia {unknown}
 n - a potion of agility {unknown}
 p - 4 potions of curing {unknown}
 t - a potion of poison {unknown}
Comestibles
 f - 3 chunks of flesh

Dungeon Overview and Level Annotations

Branches:
Dungeon (3/15)

Altars:

Annotations:
D:3 Natasha


Message History

You block the gnoll's attack. You block Natasha's attack.
You closely miss Natasha.
Natasha is moderately wounded.
The gnoll barely misses you. Natasha barely misses you.
You hit Natasha.
Natasha is heavily wounded.
You block the gnoll's attack. Natasha claws you but does no damage.
The gnoll barely misses you. You block Natasha's attack.
You closely miss Natasha.
Natasha is heavily wounded.
You block the gnoll's attack. Natasha barely misses you.
The gnoll barely misses you. Natasha barely misses you.
You closely miss Natasha.
Natasha is heavily wounded.
You block the gnoll's attack. You block Natasha's attack. Natasha claws you.
The gnoll hits you.
You closely miss Natasha.
Natasha is heavily wounded.
The gnoll hits you but does no damage. You block Natasha's attack.
You hit Natasha.
Natasha is heavily wounded.
You block the gnoll's attack. Natasha claws you.
Natasha casts a spell.
The gnoll hits you but does no damage.
You hit Natasha.
Natasha is almost dead.
The gnoll hits you but does no damage. Natasha casts a spell at you.
You feel as though you will be slow longer.
You block the shadow imp's attack. Natasha claws you!
The gnoll hits you but does no damage.
You hit Natasha.
Natasha is almost dead.
You block the shadow imp's attack. The gnoll hits you!
You die...

#.# #.# #.# #####.#
#.....#
##%########.#########
.....................
.#.#####hg.......###
#@5.......#####
#......)).....#
#.............#
####'#'##.....#
#.#.##.....#
#.#.##.....#
#.#.##.....#
#.#.##.....#
#.#.##.....#


You could see Natasha, a gnoll and a shadow imp.

Action                   || total
-------------------------++-------
Melee: Long sword        ||   179
  Eat: Chunk             ||     3
       Bread ration      ||     1

Notes
Turn   | Place    | Note
--------------------------------------------------------------
     0 | D:1      | Duffy the High Elf Fighter began the quest for the Orb.
     0 | D:1      | Reached XP level 1. HP: 16/16 MP: 2/2
   147 | D:2      | Reached skill level 3 in Long Blades
   495 | D:2      | Reached XP level 2. HP: 21/21 MP: 3/3
   878 | D:2      | Reached skill level 4 in Long Blades
  1000 | D:2      | Reached XP level 3. HP: 26/26 MP: 4/4
  2052 | D:2      | Reached skill level 5 in Long Blades
  2524 | D:3      | Noticed Natasha
  2540 | D:3      | Slain by a gnoll

Vault maps used:
D:1:      dpeg_arrival_signposts, minmay_misc_feat_ornament
D:2:      serial_glass, glass_columns_c, glass_columns_c, glass_columns_c
D:3:      kennysheep_generic_room_11, uniq_natasha, uniq_iyjb

Vanquished Creatures
  An adder
  An ooze
  A worm
  4 giant cockroaches
  6 hobgoblins
  4 jackals
  4 kobolds
  A ball python
  3 bats
  5 giant newts
  5 goblins
  11 rats
46 creatures vanquished.
